 Dungeon Crawl Stone Soup version 0.28.0-1-gb440e238dd (webtiles) character file.

Game seed: 16467845831758683974

2 hikkokomori the Digger (level 1, -9/10 HPs)
             Began as a Gargoyle Earth Elementalist on Feb 21, 2022.
             Engulfed by a cloud of flame (19 damage)
             ... on level 1 of the Dungeon.
             The game lasted 00:00:28 (344 turns).

hikkokomori the Digger (Gargoyle Earth Elementalist) Turns: 344, Time: 00:00:29

Health: -9/10      AC:  4    Str: 11    XL:     1   Next: 30%
Magic:  3/3        EV: 11    Int: 15    God:
Gold:   4          SH:  0    Dex: 10    Spells: 3/4 levels left

rFire   . . .      SeeInvis .   (no weapon)
rCold   . . .      Faith    .   (no shield)
rNeg    + . .      Spirit   .   b - +0 robe
rPois   ∞          Reflect  .   (no helmet)
rElec   +          Harm     .   (no cloak)
rCorr   .          Rampage  .   (no gloves)
Will    .....                   (no boots)
Stlth   ++........              (no amulet)
HPRegen 0.03/turn               (no ring)
MPRegen 0.08/turn               (no ring)

@: no status effects
A: sickness immunity, AC +2, negative energy resistance 1, electricity
resistance, torment resistance 1, petrification resistance
a: no special abilities


You were on level 1 of the Dungeon.
You visited 1 branch of the dungeon, and saw 1 of its levels.

You collected 4 gold pieces.

Inventory:

Missiles
 c - 30 stones
Armour
 b - a +0 robe (worn)


   Skills:
 - Level 1.5 Dodging
 - Level 2.1 Stealth
 + Level 2.0 Spellcasting
 - Level 0.7 Transmutations
 + Level 3.7 Earth Magic


You had 3 spell levels left.
You knew the following spells:

 Your Spells              Type           Power      Damage    Failure   Level
a - Sandblast             Erth           24%        2d8       4%          1

Your spell library contained the following spells:

 Spells                   Type           Power      Damage    Failure   Level
 Passwall                 Tmut/Erth      6%         N/A       13%         2
 Stone Arrow              Conj/Erth      14%        3d7       30%         3
 Petrify                  Tmut/Erth      8%         N/A       65%         4


Dungeon Overview and Level Annotations

Branches:
Dungeon (1/15)

Altars:


Innate Abilities, Weirdness & Mutations

You are immune to sickness and miasma.
Your stone body is resilient. (AC +2)
You are immune to poison.
You resist negative energy. (rN+)
You are resistant to electric shocks. (rElec)
You are resistant to unholy torment.
You are immune to petrification.


Message History

You hit the bat but do no damage.
The bat is severely wounded.
The bat closely misses you. The bat barely misses you.
You closely miss the bat.
The bat is severely wounded.
The bat closely misses you. The bat hits you but does no damage.
You hit the bat.
You kill the bat!
No target in view!
No target in view!
No target in view!
No target in view!
No target in view!
No target in view!
No target in view!
No target in view!
No target in view!
No target in view!
No target in view!
No target in view!
No target in view!
No target in view! 2 jackals come into view.
Found 44 gold pieces.
The jackal barks!
The jackal barks!
The jackal is engulfed in blazing flames.
The jackal dies!
Casting: Sandblast (safe; 4% risk of failure)
Confirm with . or Enter, or press ? or * to list all spells.
You can't see any susceptible monsters within range! (Use Z to cast anyway.) Unknown command.
The jackal is engulfed in blazing flames.
The jackal dies!
Really walk into a travel-excluded area?
Found a notched gilded ring and 24 gold pieces.
You are engulfed in blazing flames.
Ouch! That really hurt!
You die...

#.##.##..#
#. #####.#
# #.# #§
#.# #.§ #.#
#...#####.#
.$.$.§○☼..#
.$$..☼§°..#
..$$.§○@.##
#=..######
# ☼


There were no monsters in sight!

Vanquished Creatures
  An endoplasm (D:1)
  A bat (D:1)
2 creatures vanquished.

Vanquished Creatures (others)
  2 jackals (D:1)
2 creatures vanquished.

Grand Total: 4 creatures vanquished

Notes
Turn   | Place    | Note
-------+----------+-------------------------------------------
     0 | D:1      | hikkokomori the Gargoyle Earth Elementalist began the quest
                  | for the Orb.
     0 | D:1      | Reached XP level 1. HP: 10/10 MP: 3/3
   344 | D:1      | Engulfed by a cloud of flame

Illustrated notes

Levels and vault maps discovered:
D:1:      psy_arrival_radial01, layout_basic, serial_shops, nicolae_shop_stone,
          shapermc_ecumenical_altar_acropolis, serial_park_tiny_pond,
          minmay_misc_feat_encased, lemuel_flame_loot_1

Action                   || total
-------------------------++-------
Melee: Unarmed           ||    22
Armor: Robe              ||    14
Dodge: Dodged            ||    33
